 Dungeon Sprint DCSS version 0.21-a0-94-gdd6ab6a (webtiles) character file.

61 Kidiri the Sneak (level 3, -2/18 HPs)
             Began as a Spriggan Enchanter on July 1, 2017.
             Was a Priest of Dithmenos.
             Slain by a gnoll
             ... wielding a +0 whip
              (7 damage)
             ... in the Dungeon (Sprint VII: "The Pits").
             The game lasted 00:02:54 (481 turns).

Kidiri the Sneak (Spriggan Enchanter)                Turns: 481, Time: 00:02:55

Health: -2/18      AC:  2    Str:  4    XL:     3   Next: 83%
Magic:  3/9        EV: 20    Int: 16    God:    Dithmenos [***...]
Gold:   0          SH:  0    Dex: 17    Spells: 1/10 levels left

rFire    . . .     SeeInvis +   a - +1 dagger (elec)
rCold    . . .     Gourm    .   (shield restricted)
rNeg     . . .     Faith    .   b - +0 robe
rPois    .         Spirit   .   (helmet restricted)
rElec    .         Reflect  .   (no cloak)
rCorr    .         Harm     .   (gloves unavailable)
MR       .....     NoTele   +   (boots unavailable)
Stlth    +++++.....             (no amulet)
HPRegen  0.06/turn              (no ring)
MPRegen  0.11/turn              (no ring)

@: wreathed by umbra, very quick
A: unfitting armour, see invisible, herbivore 3, speed 3, slow metabolism 2
a: Shadow Step, Renounce Religion


You were in the Dungeon.
You worshipped Dithmenos.
Dithmenos was most pleased with you.
You were not hungry.

You visited 1 branch

Inventory:

Hand Weapons
 a - a +1 dagger of electrocution (weapon)
Armour
 b - a +0 robe (worn)
Scrolls
 j - a scroll of blinking
 l - 3 scrolls of remove curse
 m - 5 scrolls of amnesia
 n - a scroll of summoning
Potions
 e - 6 potions of curing
 f - 6 potions of heal wounds
 g - a potion of haste
 h - 2 potions of magic
 i - 3 potions of berserk rage
 k - 2 potions of invisibility
Books
 c - a book of Maledictions

   Spells                             Type                      Level
   a - Corona                         Hexes                        1
   b - Ensorcelled Hibernation        Hexes/Ice                    2
   c - Confuse                        Hexes                        3
   d - Tukima's Dance                 Hexes                        3
   e - Dazzling Spray                 Conjuration/Hexes            3
Comestibles
 d - 8 bread rations
 o - 40 fruits


   Skills:
 + Level 1.6 Fighting
 * Level 3.4 Short Blades
 + Level 1.3 Armour
 * Level 5.1 Dodging
 * Level 6.4 Stealth
 * Level 4.3 Spellcasting
 + Level 4.4 Hexes
 + Level 1.9 Invocations


You had one spell level left.
You knew the following spells:

 Your Spells              Type           Power        Failure   Level  Hunger
a - Corona                Hex            ###....      2%          1    None
b - Ensorcelled Hibernat  Hex/Ice        ##....       10%         2    ##.....
c - Confuse               Hex            ###.....     8%          3    ###....
d - Tukima's Dance        Hex            ###.....     8%          3    ###....


Dungeon Overview and Level Annotations

Branches:
Dungeon (1/1)

Altars:
Ashenzari
Cheibriados
Dithmenos
Elyvilon
Fedhas
Gozag
Hepliaklqana
Kikubaaqudgha
Makhleb
Nemelex Xobeh
Okawaru
Qazlal
Ru
Sif Muna
Trog
Uskayaw
Vehumet
Wu Jian
Xom
Yredelemnul
Zin
The Shining One
Beogh
Jiyva
Lugonu


Innate Abilities, Weirdness & Mutations

You are very small and have problems with some larger weapons.
You are too small for most types of armour.
You have supernaturally acute eyesight. (SInv)
You are a herbivore.
You cover ground extremely quickly.
You need consume almost no food.


Message History

Confirm with . or Enter, or press ? or * to list all spells.
Aiming: Confuse
Press: ? - help, Shift-Dir - straight line, f/p - gnoll
Aim: a gnoll, wielding a whip (moderately wounded, umbra, chance to defeat MR: 56%)
The gnoll resists with significant effort.
The gnoll hits you but does no damage.
A gnoll comes into view. It is wielding a spear.
Unknown command.
Casting: Confuse
Confirm with . or Enter, or press ? or * to list all spells.
Aiming: Confuse
Press: ? - help, Shift-Dir - straight line, f - gnoll, p - gnoll
Aim: a gnoll, wielding a spear of freezing (umbra, chance to defeat MR: 56%)
The gnoll resists with significant effort.
The gnoll misses you.
The gnoll sergeant hits you from afar with a spear!
Ouch! That really hurt!
* * * LOW HITPOINT WARNING * * *
You emit a cloud of dark smoke.
The gnoll hits you with a whip!
You die...

######### _______.#
_______.#
_____...###########++# #
#######+##..............
(.+)))+.##......#..#....
#######.##....g§§§......
.........g..).gg@§......
####'#####.....§#§.#....
..#..#%.##............ .
..%%.+..#####+#####++##
#+####+###.......#
...))...##.......#
...%%...##.......#
####+#####...<...#
..[)))..##.......#


You could see a gnoll sergeant and 3 gnolls.

Vanquished Creatures
  3 gnolls (D)
  A river rat (D)
  A white imp (D)
  An ooze (D)
  A worm (D)
  A bat (D)
  A quokka (D)
  3 ball pythons (D)
  A kobold (D)
  A rat (D)
14 creatures vanquished.

Notes
Turn   | Place    | Note
-------+----------+-------------------------------------------
     0 | D        | Kidiri the Spriggan Enchanter began the quest for the Orb.
     0 | D        | Reached XP level 1. HP: 9/9 MP: 5/5
    51 | D        | Found a bloodstained altar of Trog.
    51 | D        | Found a deep blue altar of Sif Muna.
    51 | D        | Found a viscous altar of Jiyva.
    51 | D        | Found a hazy altar of Hepliaklqana.
    51 | D        | Found an opulent altar of Gozag.
    52 | D        | Found a glowing golden altar of the Shining One.
    52 | D        | Found a glowing silver altar of Zin.
    52 | D        | Found a basalt altar of Yredelemnul.
    52 | D        | Found a shimmering altar of Xom.
    52 | D        | Found an ornate altar of the Wu Jian Council.
    52 | D        | Found a sacrificial altar of Ru.
    52 | D        | Found a stormy altar of Qazlal.
    52 | D        | Found an iron altar of Okawaru.
    52 | D        | Found a sparkling altar of Nemelex Xobeh.
    52 | D        | Found a burning altar of Makhleb.
    52 | D        | Found a blossoming altar of Fedhas.
    52 | D        | Found a white marble altar of Elyvilon.
    52 | D        | Found a shadowy altar of Dithmenos.
    52 | D        | Found a snail-covered altar of Cheibriados.
    54 | D        | Found a radiant altar of Vehumet.
    54 | D        | Found a corrupted altar of Lugonu.
    54 | D        | Found a roughly hewn altar of Beogh.
    55 | D        | Found a hide-covered altar of Uskayaw.
    55 | D        | Found an ancient bone altar of Kikubaaqudgha.
    55 | D        | Found a shattered altar of Ashenzari.
    62 | D        | Became a worshipper of Dithmenos the Shadowed
   163 | D        | Reached * piety under Dithmenos
   175 | D        | Reached skill level 1 in Fighting
   175 | D        | Reached XP level 2. HP: 14/14 MP: 7/7
   282 | D        | Learned a level 2 spell: Ensorcelled Hibernation
   285 | D        | Reached ** piety under Dithmenos
   285 | D        | Reached skill level 5 in Stealth
   285 | D        | Reached skill level 1 in Invocations
   289 | D        | Reached skill level 1 in Armour
   289 | D        | Reached XP level 3. HP: 18/18 MP: 9/9
   333 | D        | Learned a level 3 spell: Confuse
   337 | D        | Learned a level 3 spell: Tukima's Dance
   353 | D        | Noticed a gnoll sergeant
   354 | D        | Noticed a scorpion
   356 | D        | Noticed a big kobold
   371 | D        | Reached *** piety under Dithmenos
   413 | D        | Reached skill level 5 in Dodging
   413 | D        | Reached skill level 6 in Stealth
   481 | D        | Slain by a gnoll

Vault maps used:
D:        pitsprint

Skill      XL: |  1  2  3 |
---------------+----------+-----
Spellcasting   | 3 4 |  4.3
Short Blades   | 2 3 |  3.4
Fighting       | 1 |  1.6
Dodging        | 4 5 |  5.1
Stealth        | 5 6 |  6.4
Hexes          | 4 |  4.4
Invocations    | 1 |  1.9
Armour         | 1 |  1.3

Action                   || total
-------------------------++-------
Melee: Dagger            ||    29
 Cast: Ensorcelled Hiber ||     9
       Confuse           ||     4
  Use: Potion            ||     2
 Stab: Sleeping          ||     7
       Confused          ||     1
Armor: Robe              ||     2
Dodge: Dodged            ||    25
